 Dungeon Crawl Stone Soup version 0.28.0-47-ge53b351184 (webtiles) character file.

Game seed: 11192425278510599685

65 GigaChad the Skirmisher (level 3, -1/35 HPs)
             Began as a Minotaur Berserker on May 7, 2022.
             Was a Believer of Trog.
             Slain by a wyvern skeleton (12 damage)
             ... on level 3 of the Dungeon.
             The game lasted 00:02:47 (1757 turns).

GigaChad the Skirmisher (Minotaur Berserker)        Turns: 1757, Time: 00:02:48

Health: -1/35      AC:  2    Str: 21    XL:     3   Next: 92%
Magic:  2/2        EV: 12    Int:  4    God:    Trog [**....]
Gold:   44         SH:  0    Dex: 11    Spells: 2/2 levels left

rFire   . . .      SeeInvis .   a - +0 falchion
rCold   . . .      Faith    .   (no shield)
rNeg    . . .      Spirit   .   b - +0 animal skin
rPois   .          Reflect  .   (helmet restricted)
rElec   .          Harm     .   (no cloak)
rCorr   .          Rampage  .   (no gloves)
Will    .....                   (no boots)
Stlth   +.........              (no amulet)
HPRegen 0.11/turn               (no ring)
MPRegen 0.08/turn               (no ring)

@: lethally poisoned (-1 -> -3)
A: horns 2, retaliatory headbutt
a: Renounce Religion, Berserk, Trog's Hand


You were on level 3 of the Dungeon.
You worshipped Trog.
Trog was pleased with you.
You visited 1 branch of the dungeon, and saw 3 of its levels.

You collected 44 gold pieces.

Inventory:

Hand Weapons
 a - a +0 falchion (weapon)
 l - a +0 long sword
Armour
 b - a +0 animal skin (worn)
Scrolls
 c - a scroll of acquirement {unknown}
 d - a scroll of teleportation {unknown}
 e - 4 scrolls of identify {unknown}
 g - 2 scrolls of enchant armour {unknown}
 i - a scroll of silence {unknown}
 j - a scroll of amnesia {unknown}
 k - a scroll of brand weapon {unknown}
Potions
 f - a potion of mutation {unknown}
 h - a potion of heal wounds {unknown}
 m - a potion of lignification {unknown}


   Skills:
 + Level 4.9 Fighting
 + Level 4.3 Long Blades
 + Level 2.6 Armour
 + Level 2.6 Dodging
 + Level 0.1 Stealth


You had 2 spell levels left.
You didn't know any spells.
Your spell library contained the following spells:

 Spells                   Type           Power      Damage    Failure   Level
 Blink                    Tloc           0%         N/A       65%         2
 Lesser Beckoning         Tloc           0%         N/A       86%         3
 Manifold Assault         Tloc           0%         N/A       100%        5


Dungeon Overview and Level Annotations

Branches:
Dungeon (3/15)

Altars:


Innate Abilities, Weirdness & Mutations

You have a pair of horns on your head.
You reflexively headbutt those who attack you in melee.


Message History

Found a whip.
You see here a +0 whip.
Found a hunting sling.
Found a glowing brown potion.
m - a glowing brown potion A kobold comes into view.
It is wielding a +0 dagger.
The kobold shouts!
The kobold throws a stone.
The stone hits you.
A ball python comes into view.
The kobold throws a stone.
The stone hits you.
The ball python hisses angrily.
The kobold hits you but does no damage.
You hit the kobold.
You kill the kobold!
Trog accepts your kill. The ball python closely misses you. x2
You barely miss the ball python. You punch the ball python.
You kill the ball python!
Trog accepts your kill.
Things that are here:
a +0 dagger; 4 stones; a kobold corpse
Found a robe.
An adder comes into view.
Found a hunting sling.
The adder hisses angrily.
A wyvern skeleton comes into view.
The adder bites you.
You are poisoned.
The adder poisons you!
You barely miss the adder. You headbutt the adder!
You kill the adder!
Trog accepts your kill.
You feel sick.
You feel sick.
You see here an adder corpse.
You feel sick. The wyvern skeleton bites you. The wyvern skeleton bites you!
You hit the wyvern skeleton.
The wyvern skeleton is lightly damaged.
You feel sick. The wyvern skeleton bites you!
You die...

# #.#.### #.#.#..
#.).#.# ##...#.#
##......#
#......Z######.
......[@....... .#
.......†####... .####
##......###.# .....
...........# . .####
####.##.###.## ..
....# #.##.####.#.#..
.##.#
#######.##...........
.# .................#
.# #######.##########


You could see a wyvern skeleton.

Vanquished Creatures
  2 adders
  A worm (D:2)
  4 endoplasms
  A giant cockroach (D:2)
  3 goblins
  2 hobgoblins (D:1)
  4 jackals (D:1)
  9 kobolds
  2 quokkas (D:1)
  5 ball pythons
  4 bats (D:1)
  4 frilled lizards
  2 rats (D:1)
43 creatures vanquished.

Notes
Turn   | Place    | Note
-------+----------+-------------------------------------------
     0 | D:1      | GigaChad the Minotaur Berserker began the quest for the
                  | Orb.
     0 | D:1      | Reached XP level 1. HP: 19/19 MP: 0/0
   135 | D:1      | Found a faded altar of an unknown god.
   165 | D:1      | Reached XP level 2. HP: 13/27 MP: 1/1
   963 | D:1      | Reached XP level 3. HP: 29/34 MP: 2/2
  1074 | D:2      | Reached ** piety under Trog
  1757 | D:3      | Slain by a wyvern skeleton

Illustrated notes

Levels and vault maps discovered:
D:1:      amcnicky_arrival_double_pillar, layout_basic,
          shapermc_ecumenical_altar_gd
D:2:      layout_basic
D:3:      layout_loops_ring, minmay_misc_feat_more_columns,
          lightli_corner_chamber

Skill      XL: |  1  2 |
---------------+-------+-----
Fighting       | 4 |  4.9
Long Blades    | 4 |  4.3
Armour         | |  2.6
Dodging        | |  2.6
Stealth        | |  0.1

Action                   || total
-------------------------++-------
Melee: Falchion          ||    69
       Headbutt          ||    11
       Punch             ||     3
 Stab: Sleeping          ||     1
Armor: Animal skin       ||    25
Dodge: Dodged            ||    71
